 Dungeon Crawl Stone Soup version 0.14.0-18-g0341e45 (webtiles) character file.

309 staplegun the Cudgeler (level 5, -1/51 HPs)
             Began as a Gargoyle Berserker on Apr 20, 2014.
             Was a Believer of Trog.
             Slain by an orc priest (5 damage)
             ... on Level 3 of the Dungeon.
             The game lasted 00:02:23 (2106 turns).

staplegun the Cudgeler (Gargoyle Berserker)         Turns: 2106, Time: 00:02:23

HP  -1/51        AC  6     Str 27      XL: 5   Next: 81%
MP   5/5         EV 12     Int  7      God: Trog [**....]
Gold 106         SH  0     Dex  9      Spells:  0 memorised,  4 levels left

rFire  . . .     SeeInvis .     c - +2,+0 whip (venom)
rCold  . . .     Clarity  .     b - +0 animal skin
rNeg   + . .     Conserve .     (no shield)
rPois  +         rCorr    .     (no helmet)
rElec  +         rRot     +     (no cloak)
SustAb . .       Spirit   .     (no gloves)
rMut   .         Warding  .     (no boots)
Saprov . . .     Stasis   .     (no amulet)
MR     .....                    (no ring)
                                (no ring)

@: berserking, very quick, not resistant to hostile enchantments, extremely
unstealthy
A: life protection 1, electricity resistance, unbreathing, petrification
resistance, AC +4
a: Burn Spellbooks, Berserk, Trog's Hand, Renounce Religion


You were on level 3 of the Dungeon.
You worshipped Trog.
Trog was pleased with you.
You were hungry.

You visited 1 branch of the dungeon, and saw 3 of its levels.

You collected 106 gold pieces.

Inventory:

Hand weapons
 a - a +0,+0 mace
 c - a +2,+0 whip of venom (weapon)
 m - a +1,+1 mace of protection
Armour
 b - a +0 animal skin (worn)
Comestibles
 k - a pear
Scrolls
 d - 2 scrolls of amnesia {unknown}
 e - 4 scrolls of identify {unknown}
 g - 2 scrolls of recharging {unknown}
 i - a scroll of remove curse {unknown}
 j - a scroll of blinking {unknown}
 n - a scroll of teleportation {unknown}
Potions
 f - 2 potions of curing {unknown}
 h - a potion of cure mutation {unknown}
 l - a potion of poison {unknown}
 o - a potion of invisibility {unknown}


   Skills:
 + Level 4.7 Fighting
 + Level 4.8 Maces & Flails
 + Level 4.0 Armour
 - Level 1.5 Dodging


You had 4 spell levels left.
You didn't know any spells.

Dungeon Overview and Level Annotations

Branches:
Dungeon (3/15)

Altars:
Makhleb


Innate Abilities, Weirdness & Mutations

You are resistant to torment.
You are immune to poison.
You are immune to rotting.
Your stone body is very resilient (AC +4).
You resist negative energy.
You are resistant to electric shocks.
You can survive without breathing.
You are immune to petrification.


Message History

The orc throws a tomahawk.
The tomahawk misses you.
You are too injured to fight recklessly!
You are too injured to fight recklessly!
You are too injured to fight recklessly!
You are too injured to fight recklessly!
You are too injured to fight recklessly!
You are too injured to fight recklessly!
You are too injured to fight recklessly!
You are too injured to fight recklessly!
You are too injured to fight recklessly!
You are too injured to fight recklessly!
You are too injured to fight recklessly!
You are too injured to fight recklessly!
Unknown command.
Use which ability? (? or * to list)
A red film seems to cover your vision as you go berserk!
You feel yourself moving faster!
You feel mighty!
You feel quite a bit more hungry. The orc hits you but does no damage.
The orc priest hits you.
You die...

.... .... ......# ###
.......# ........# .#
.........# ...
.........### ....
...........# ...
.......o)..## ....
......o.@!.<# ##########
.......oo...# #.....#
####'####..####.....####
# #..#....<...##..
#..#.##.........
#..#.#######....
#.......)###....
.......>.....[.......
#####........#####.#


You could see an orc priest and 3 orcs.

Vanquished Creatures
  2 orc priests (D:3)
  3 orc wizards (D:3)
  2 adders (D:2)
  A giant eyeball (D:3)
  2 giant geckos (D:2)
  9 orcs (D:3)
  5 giant cockroaches
  5 hobgoblins
  2 jackals (D:1)
  2 bats
  5 kobolds
  5 rats
43 creatures vanquished.

Notes
Turn   | Place    | Note
--------------------------------------------------------------
     0 | D:1      | staplegun, the Gargoyle Berserker, began the quest for the Orb.
     0 | D:1      | Reached XP level 1. HP: 14/14 MP: 1/1
   257 | D:1      | Reached XP level 2. HP: 19/19 MP: 2/2
   534 | D:2      | Reached XP level 3. HP: 22/24 MP: 3/3
   672 | D:2      | Found a burning altar of Makhleb.
   748 | D:2      | Reached skill level 4 in Fighting
  1549 | D:3      | Acquired Trog's second power
  1558 | D:3      | Reached XP level 4. HP: 25/29 MP: 4/4
  1566 | D:3      | Paralysed by a giant eyeball for 2 turns
  1569 | D:3      | Paralysed by a giant eyeball for 2 turns
  1679 | D:3      | Reached XP level 5. HP: 31/34 MP: 5/5
  1754 | D:3      | HP: 1/51 [orc priest/glowing whip (3)]
  2106 | D:3      | Slain by an orc priest

Action                   |  1- 3 |  4- 6 || total
-------------------------+-------+-------++-------
Melee: Mace              |   113 |    30 ||   143
       Whip              |       |    19 ||    19
Invok: Berserk           |       |     2 ||     2
